 Dungeon Crawl Stone Soup version 0.23.2-1-ga50397a6bc (webtiles) character file.

Game seed: 15109495927371005471

80345 Gunterle the Slicer (level 15, -5/82 HPs)
             Began as a Spriggan Assassin on May 15, 2019.
             Was a High Priest of Dithmenos.
             Shot with a bolt by an orc warrior (17 damage)
             ... on level 2 of the Orcish Mines on May 16, 2019.
             The game lasted 03:51:27 (34663 turns).

Gunterle the Slicer (Spriggan Assassin)            Turns: 34663, Time: 03:51:28

Health: -5/82      AC:  8    Str: 15 (16) XL:     15   Next: 23%
Magic:  30/30      EV: 27    Int: 13 (16) God:    Dithmenos [*****.]
Gold:   796        SH:  0    Dex: 16 (19) Spells: 21/34 levels left

rFire    + + .     SeeInvis +   b - +4 blowgun
rCold    + + .     Gourm    .   (shield restricted)
rNeg     . . .     Faith    .   X - +2 robe "Koiriher" {*Drain Str+7}
rPois    .         Spirit   .   (helmet restricted)
rElec    .         Reflect  .   l - scarf {rC+ rF+}
rCorr    .         Harm     .   (gloves unavailable)
MR       ++...                  (boots unavailable)
Stlth    +++++++++.             C - amulet of the Oligarchy {Acrobat *Slow rF+ rC+}
HPRegen  0.23/turn              a - +4 ring of protection
MPRegen  0.22/turn              E - ring of Shadows {Umbra +Inv Stlth+}

@: wreathed by umbra, very quick
A: very small, unfitting armour, see invisible, deterioration 1, herbivore,
speed 3, robust 1, slow metabolism 2, MP-powered wands
a: Shadow Step, Shadow Form, Renounce Religion, Evoke Invisibility


You were on level 2 of the Orcish Mines.
You worshipped Dithmenos.
Dithmenos was extremely pleased with you.
You were very hungry.

You visited 4 branches of the dungeon, and saw 22 of its levels.
You also visited: Gauntlet.

You collected 1524 gold pieces.
You spent 728 gold pieces at shops.

Inventory:

Hand Weapons
 b - a +4 blowgun (weapon)
 i - a +1 dagger of holy wrath
 s - a +2 dagger of venom
 u - a +2 dagger of speed
 W - a +2 dagger of electrocution
Missiles
 e - 32 poisoned needles (quivered)
 f - 23 sling bullets
 n - 365 arrows
 y - 24 tomahawks
 G - 2 curare-tipped needles
 N - a needle of confusion
 O - 6 needles of paralysis
Armour
 l - a scarf of resistance (worn)
 X - the +2 robe "Koiriher" (worn) {*Drain Str+7}
   (You found it in a Gauntlet)

   It affects your strength (+7).
   It causes draining when unequipped.
Jewellery
 a - a +4 ring of protection (left hand)
 c - an uncursed ring of protection from cold
 p - an uncursed ring of magical power
 t - an uncursed ring of fire
 C - the amulet of the Oligarchy (around neck) {Acrobat *Slow rF+ rC+}
   (You found it in a Gauntlet)

   [amulet of the acrobat]

   It helps you evade while moving and waiting.
   It protects you from fire.
   It protects you from cold.
   It may slow you when you take damage.
 E - the ring of Shadows (right hand) {Umbra +Inv Stlth+}
   (You bought it in a shop on level 1 of the Orcish Mines)

   [ring of stealth]

   It lets you turn invisible.
   It makes you more stealthy.
 F - an uncursed ring of poison resistance
 J - an uncursed ring of flight
 K - an uncursed ring of wizardry
Wands
 k - a wand of paralysis (1)
 x - a wand of polymorph (19)
 Y - a wand of flame (3)
Scrolls
 m - 4 scrolls of enchant armour
 o - 4 scrolls of teleportation
 q - a scroll of magic mapping
 r - 4 scrolls of amnesia
 w - 3 scrolls of immolation
 B - a scroll of acquirement {unknown}
 D - a scroll of torment {unknown}
 H - 6 scrolls of remove curse
 L - a scroll of fog
 Q - a scroll of brand weapon {unknown}
Potions
 d - 2 potions of magic
 h - a potion of mutation
 j - 2 potions of lignification
 v - a potion of agility
 z - 2 potions of resistance
 A - a potion of flight
 I - 4 potions of curing
 R - a potion of haste
 U - a potion of cancellation {unknown}
 V - a potion of brilliance
 Z - 2 potions of heal wounds {unknown}
Comestibles
 g - 18 rations


   Skills:
 + Level 7.4 Fighting
 + Level 13.9 Short Blades
 + Level 9.0 Throwing
 + Level 11.8 Dodging
 + Level 13.9 Stealth
 + Level 10.1 Spellcasting
 - Level 6.7 Hexes
 + Level 5.5 Translocations
 + Level 11.0 Transmutations
 - Level 3.8 Ice Magic
 + Level 7.5 Invocations
 + Level 5.1 Evocations


You had 21 spell levels left.
You knew the following spells:

 Your Spells              Type           Power        Failure   Level  Hunger
a - Beastly Appendage     Tmut           #####.       1%          1    None
b - Sticks to Snakes      Tmut           #####...     1%          2    None
c - Ice Form              Ice/Tmut       ####....     5%          4    ###....
d - Slow                  Hex            ###.....     1%          2    None
e - Blink                 Tloc           N/A          1%          2    None
f - Swiftness             Chrm/Air       #.......     17%         2    None

Your spell library contained the following spells:

 Spells                   Type           Power        Failure   Level  Hunger
 Spider Form              Tmut/Pois      ###.......   3%          3    #......
 Blade Hands              Tmut           #####.....   3%          5    #####..
 Magic Dart               Conj           #...         11%         1    None
 Shock                    Conj/Air       #...         11%         1    None
 Call Imp                 Summ           #.......     17%         2    None
 Conjure Flame            Conj/Fire      #.......     32%         3    #......
 Mephitic Cloud           Conj/Pois/Air  #.......     32%         3    #......
 Static Discharge         Conj/Air       #.......     32%         3    #......
 Airstrike                Air            #.........   73%         4    ###....
 Lightning Bolt           Conj/Air       #.........   97%         5    #####..


Dungeon Overview and Level Annotations

Branches:
Dungeon (13/15)            Temple (1/1) D:6            Lair (6/6) D:10
  Swamp (0/4) Lair:4        Snake (0/4) Lair:2        Slime (0/5) Lair:5
    Orc (2/2) D:12
    Elf: Orc:2       Vaults: D:13-14

Altars:
Ashenzari
Cheibriados
Dithmenos
Elyvilon
Fedhas
Gozag
Hepliaklqana
Kikubaaqudgha
Makhleb
Nemelex Xobeh
Okawaru
Qazlal
Ru
Sif Muna
Trog
Uskayaw
Vehumet
Wu Jian
Xom
Yredelemnul
Zin
The Shining One

Shops:
D:12 *   Orc:1 :[=%

Annotations:
D:7 3 runed translucent doors, rumpelstilzz's ghost, novice TrAM
D:12 Azrael
Lair:3 2 transporters, grerr's ghost, journeyman DsAK


Innate Abilities, Weirdness & Mutations

You are very small and have problems with some larger weapons.
You are too small for most types of armour.
You have supernaturally acute eyesight. (SInv)
You are a herbivore.
You cover ground extremely quickly.
You need to consume almost no food.
Your body sometimes deteriorates upon taking damage.
You are robust. (+10% HP)
You expend magic power (3 MP) to strengthen your wands.


Message History

The orc warrior completely misses you.
Firing (i - inventory. (/) - cycle)
e - 34 poisoned needles (quivered)
Press: ? - help, Shift-Dir - straight line, f/p - centaur
Aim: a centaur, wielding a +0 shortbow (umbra)
You shoot a poisoned needle. The poisoned needle hits the centaur!!
The centaur looks as sick as possible!
The centaur shoots an arrow.
The arrow misses you.
The orc shoots a bolt.
The bolt closely misses you.
The centaur warrior wields a +0 shortbow.
The centaur warrior shoots an arrow.
The arrow hits you!!
Firing (i - inventory. (/) - cycle)
e - 33 poisoned needles (quivered)
Press: ? - help, Shift-Dir - straight line, f/p - centaur
Aim: a centaur, wielding a +0 shortbow (poisoned, umbra)
You shoot a poisoned needle. The poisoned needle hits the centaur!!
The centaur looks as sick as possible!
The centaur shoots an arrow.
The arrow hits you! The orc warrior barely misses you.
The centaur warrior shoots an arrow.
The arrow hits you!
* * * LOW HITPOINT WARNING * * *
The orc shoots a bolt.
The bolt misses you.
The orc warrior shoots a bolt.
The bolt hits you!
You die...

###§#...#
#..##§§.....####
#..§§§§§o$...#.##
##.§§§.##.....(.##
#.........#.$.((.#
#...........(.c$.(#
#.........(.(#.((##
....#......(..(..((#
....#..........@(.####
.. ........(((........
....(...oo(..(.....
##(c##.(##.o.###.. .
##...(.((...≈≈# ≈
..#...(..(...≈≈≈#
......(....≈≈≈≈##
.#....(.≈≈≈≈###
(.$^.#...).≈≈≈≈##


You could see a centaur warrior, 3 orc warriors, a centaur and an orc.

Vanquished Creatures
  A stone giant (D:12)
  A minotaur (Gauntlet)
  Snorg (D:12)
  Fannar (Lair:2)
  A fire dragon (Lair:5)
  10 hydras
  2 catoblepae
  2 two-headed ogres
  A deep troll shaman (Lair:6)
  4 death yaks (Lair:6)
  A fire crab (Lair:6)
  An unseen horror (D:10)
  A lindwurm (Lair:5)
  Pikel (D:7)
  An orc knight (Orc:1)
  A manticore (D:12)
  2 ugly things (D:11)
  13 elephants
  Joseph (D:7)
  5 black mambas
  A centaur zombie (Gauntlet)
  2 molten gargoyles
  12 spiny frogs
  A centaur skeleton (D:13)
  13 rime drakes
  12 komodo dragons
  A polar bear (Lair:6)
  4 trolls
  2 meliai (D:12)
  10 blink frogs
  3 hornets (Gauntlet)
  10 hippogriffs
  4 slime creatures
  2 bog bodies (Lair:4)
  2 flying skulls (Gauntlet)
  A shadow (D:12)
  2 wraiths
  28 yaks
  3 fire elementals (D:12)
  A basilisk (Lair:2)
  5 hungry ghosts
  9 steam dragons (Lair:5)
  2 soldier ants
  An acid dragon (D:11)
  A hell hound (D:12)
  Duvessa (D:5)
  10 water moccasins
  16 porcupines
  2 sky beasts
  3 ice beasts
  23 orc warriors
  3 phantoms
  2 slaves (D:7)
  3 black bears (Lair:6)
  2 ogres
  A necrophage (D:11)
  23 wolves
  16 centaurs
  22 crocodiles
  2 big kobolds (D:10)
  8 bullfrogs
  4 scorpions
  Dowan (D:5)
  10 killer bees
  6 wights
  6 crimson imps
  2 bullfrog zombies
  5 lava snakes (Lair:3)
  4 hounds
  7 jellies
  11 orc priests
  11 orc wizards
  A bullfrog skeleton (D:12)
  Jessica (D:3)
  6 iguanas
  2 hell rats (Lair:2)
  6 worker ants
  A hound zombie (D:6)
  2 worker ant zombies
  12 gnolls
  12 adders
  5 river rats (Lair:2)
  3 shadow imps
  6 oozes
  3 worms
  2 dart slugs
  5 leopard geckos
  60 orcs
  2 giant cockroaches
  11 goblins
  9 hobgoblins
  23 jackals
  19 kobolds
  2 quokkas
  2 ball pythons
  15 bats
  7 frilled lizards
  A leopard gecko skeleton (D:7)
  A leopard gecko zombie (D:7)
  A quokka zombie (D:6)
  11 rats
  3 plants
621 creatures vanquished.

Vanquished Creatures (collateral kills)
  A water moccasin (Lair:1)
  An orc warrior (Orc:2)
  An eye of draining (D:9)
  An ogre (Orc:1)
  A crimson imp (D:9)
  A gnoll shaman (Orc:1)
  An orc wizard (D:12)
  2 orcs
9 creatures vanquished.

Vanquished Creatures (others)
  A slave (D:7)
  A bullfrog (D:7)
  4 orcs
  7 fungi
  3 plants
16 creatures vanquished.

Grand Total: 646 creatures vanquished

Notes
Turn   | Place    | Note
-------+----------+-------------------------------------------
     0 | D:1      | Gunterle the Spriggan Assassin began the quest for the Orb.
     0 | D:1      | Reached XP level 1. HP: 10/10 MP: 2/2
   238 | D:1      | Reached XP level 2. HP: 14/15 MP: 3/3
   827 | D:1      | Reached XP level 3. HP: 18/18 MP: 4/4
   907 | D:1      | Found a snail-covered altar of Cheibriados.
  1208 | D:2      | Found a stormy altar of Qazlal.
  1395 | D:2      | Reached XP level 4. HP: 23/23 MP: 5/5
  2065 | D:3      | Noticed Jessica
  2521 | D:3      | Reached XP level 5. HP: 18/26 MP: 6/6
  2640 | D:3      | Killed Jessica
  3180 | D:3      | Reached XP level 6. HP: 26/32 MP: 7/7
  3449 | D:3      | Learned a level 1 spell: Beastly Appendage
  3452 | D:3      | Learned a level 2 spell: Sticks to Snakes
  3953 | D:4      | Reached skill level 1 in Transmutations
  4248 | D:4      | Reached skill level 1 in Spellcasting
  4917 | D:4      | Found an ancient bone altar of Kikubaaqudgha.
  4919 | D:4      | Found a radiant altar of Vehumet.
  4921 | D:4      | Found a glowing golden altar of the Shining One.
  4940 | D:4      | Found a snail-covered altar of Cheibriados.
  4940 | D:4      | Found a glowing silver altar of Zin.
  4944 | D:4      | Found a deep blue altar of Sif Muna.
  5158 | D:5      | Entered Level 5 of the Dungeon
  5160 | D:5      | Reached XP level 7. HP: 35/35 MP: 10/10
  5166 | D:5      | Learned a level 4 spell: Ice Form
  5261 | D:5      | Noticed Duvessa
  5261 | D:5      | Noticed Dowan
  5308 | D:5      | Killed Dowan
  5366 | D:5      | Killed Duvessa
  5366 | D:5      | Reached skill level 5 in Short Blades
  6437 | D:5      | Reached XP level 8. HP: 30/40 MP: 12/14
  6647 | D:5      | Reached skill level 5 in Dodging
  7484 | D:6      | Noticed a hippogriff
  7517 | D:6      | Killed a hippogriff
  7517 | D:6      | Reached skill level 5 in Transmutations
  7579 | D:6      | Found a staircase to the Ecumenical Temple.
  7595 | Temple   | Entered the Ecumenical Temple
  7804 | Temple   | Became a worshipper of Dithmenos the Shadowed
  7847 | D:6      | Found a sparkling altar of Nemelex Xobeh.
  8352 | D:6      | Reached skill level 1 in Invocations
  8352 | D:6      | Reached XP level 9. HP: 38/45 MP: 17/17
  8547 | D:7      | Noticed Pikel
  8550 | D:7      | Killed Pikel
  8550 | D:7      | Reached skill level 5 in Spellcasting
  8550 | D:7      | Reached skill level 1 in Ice Magic
  9134 | D:7      | Found a runed translucent gate.
  9136 | D:7      | Found a runed translucent gate.
  9136 | D:7      | Found a runed translucent gate.
  9137 | D:7      | Noticed rumpelstilzz's ghost (novice TrAM)
  9137 | D:7      | Noticed a kobold demonologist
  9240 | D:7      | Noticed Joseph
  9615 | D:7      | Killed Joseph
  9632 | D:7      | Reached * piety under Dithmenos
 10385 | D:8      | Reached skill level 5 in Throwing
 10480 | D:9      | Noticed a two-headed ogre
 10549 | D:9      | Reached XP level 10. HP: 50/50 MP: 17/19
 11306 | D:10     | Entered Level 10 of the Dungeon
 11382 | D:10     | Reached ** piety under Dithmenos
 11442 | D:10     | Found a staircase to the Lair.
 11475 | D:10     | Reached skill level 10 in Stealth
 11499 | D:10     | Noticed an unseen horror
 11531 | D:10     | Killed an unseen horror
 12401 | D:10     | Reached XP level 11. HP: 54/54 MP: 21/21
 12450 | D:10     | Reached skill level 5 in Fighting
 12991 | D:9      | Found a shimmering altar of Xom.
 12998 | D:9      | Found an ornate altar of the Wu Jian Council.
 13063 | D:9      | Found a blossoming altar of Fedhas.
 13170 | D:11     | Noticed a red ugly thing
 13173 | D:11     | Killed a red ugly thing
 13194 | D:11     | Learned a level 2 spell: Slow
 13232 | D:11     | Found a gate leading to a gauntlet.
 13270 | Gauntlet | Entered a Gauntlet
 13270 | Gauntlet | Found a transporter.
 13270 | Gauntlet | Found a transporter.
 13270 | Gauntlet | Found a transporter.
 13270 | Gauntlet | Found a transporter.
 13270 | Gauntlet | Noticed a death scarab
 13275 | Gauntlet | Found a transporter.
 13285 | Gauntlet | Found a transporter.
 13289 | Gauntlet | Found a transporter.
 13301 | Gauntlet | Found a transporter.
 13303 | Gauntlet | Noticed a death drake
 13389 | Gauntlet | Found a transporter.
 13403 | Gauntlet | Found a transporter.
 13405 | Gauntlet | Found a transporter.
 13406 | Gauntlet | Noticed a reaper
 13410 | Gauntlet | Noticed a death yak
 13410 | Gauntlet | Noticed a death yak
 13413 | Gauntlet | Found a transporter.
 13413 | Gauntlet | Noticed a death yak
 13413 | Gauntlet | Noticed a death yak
 13413 | Gauntlet | Noticed a death yak
 13988 | Gauntlet | Got a fine platinum amulet
 14233 | Gauntlet | Gained mutation: Your body sometimes deteriorates upon
                  | taking damage. [potion of mutation]
 14233 | Gauntlet | Gained mutation: You expend magic power (3 MP) to
                  | strengthen your wands. [potion of mutation]
 14233 | Gauntlet | Gained mutation: You are robust. (+10% HP) [potion of
                  | mutation]
 14297 | Gauntlet | Noticed a minotaur
 14372 | Gauntlet | Killed a minotaur
 14424 | Gauntlet | Got a heavily jewelled robe
 14435 | Gauntlet | Identified the +2 robe "Koiriher" {*Drain Str+7} (You found
                  | it in a Gauntlet)
 14553 | D:11     | Identified the amulet of the Oligarchy {Acrobat *Slow rF+
                  | rC+} (You found it in a Gauntlet)
 15158 | D:11     | Reached *** piety under Dithmenos
 15287 | D:11     | Noticed a cyan ugly thing
 15362 | D:11     | Killed a cyan ugly thing
 15869 | D:12     | Found Umifia's Assorted Antiques.
 15883 | D:12     | Bought a metallic pink potion for 29 gold pieces
 15883 | D:12     | Bought a scroll of identify for 66 gold pieces
 15883 | D:12     | Bought a scroll labeled SUCYCU HIN TEOLE for 33 gold pieces
 16069 | D:12     | Reached skill level 10 in Short Blades
 16069 | D:12     | Reached skill level 1 in Hexes
 16156 | D:12     | Noticed Snorg
 16208 | D:12     | Killed Snorg
 16382 | D:12     | Reached skill level 1 in Evocations
 16635 | D:12     | Reached skill level 5 in Invocations
 16685 | D:12     | Reached XP level 12. HP: 57/66 MP: 24/24
 16769 | D:12     | Noticed Azrael
 16770 | D:12     | Found a staircase to the Orcish Mines.
 17511 | Orc:1    | Entered Level 1 of the Orcish Mines
 17511 | Orc:1    | Found Wowimoull's Food Shoppe.
 17526 | Orc:1    | Noticed a stone giant
 17974 | Lair:1   | Entered Level 1 of the Lair of Beasts
 18311 | Lair:1   | Noticed a five-headed hydra
 18776 | Lair:1   | Killed a five-headed hydra
 18911 | Lair:1   | Reached XP level 13. HP: 71/71 MP: 26/26
 19928 | Lair:2   | Found a staircase to the Snake Pit.
 19971 | Lair:2   | Reached skill level 10 in Dodging
 20330 | Lair:2   | Noticed Fannar
 20388 | Lair:2   | Killed Fannar
 21572 | Lair:3   | Found a transporter.
 21577 | Lair:3   | Noticed grerr's ghost (journeyman DsAK)
 21693 | Lair:3   | Found a transporter.
 22292 | Lair:3   | Reached **** piety under Dithmenos
 22366 | Lair:3   | Reached XP level 14. HP: 71/77 MP: 22/27
 22748 | Lair:4   | Learned a level 2 spell: Blink
 22751 | Lair:4   | Learned a level 2 spell: Swiftness
 23072 | Lair:4   | Found a staircase to the Swamp.
 23179 | Lair:4   | Reached skill level 1 in Translocations
 23942 | Lair:5   | Reached skill level 5 in Hexes
 24202 | Lair:5   | Reached skill level 10 in Transmutations
 25975 | Lair:5   | Found a staircase to the Slime Pits.
 27377 | Lair:6   | Entered Level 6 of the Lair of Beasts
 29482 | Lair:6   | Reached XP level 15. HP: 66/82 MP: 27/29
 29872 | D:12     | Reached skill level 5 in Translocations
 30387 | D:13     | Reached skill level 10 in Spellcasting
 31744 | Orc:1    | Found Beuddure's Armour Emporium.
 31784 | Orc:1    | Found Vokhil's Jewellery Emporium.
 31795 | Orc:1    | Bought the ring of Shadows {Umbra +Inv Stlth+} for 600 gold
                  | pieces
 31795 | Orc:1    | Found the ring of Shadows {Umbra +Inv Stlth+}
 31821 | Orc:1    | Found Raloma's Book Boutique.
 31916 | Orc:1    | Reached ***** piety under Dithmenos
 32172 | Orc:1    | Reached skill level 5 in Evocations
 32650 | Orc:2    | Entered Level 2 of the Orcish Mines
 34663 | Orc:2    | Shot with a bolt by an orc warrior

Skill      XL: |  1  2  3  4  5  6  7  8  9 10 11 12 13 14 15 |
---------------+----------------------------------------------+-----
Stealth        | 6 7 8 9 10 11 12 13 | 13.9
Dodging        | 2 3 4 5 6 8 9 10 11 | 11.8
Short Blades   | 3 4 5 6 7 9 10 12 13 | 13.9
Fighting       | 2 3 4 5 6 7 |  7.4
Throwing       | 3 4 5 6 7 8 9 |  9.0
Transmutations | 1 3 5 6 7 8 9 10 11 | 11.0
Spellcasting   | 1 3 4 5 6 7 8 9 10 | 10.1
Invocations    | 1 2 3 5 6 7 |  7.5
Ice Magic      | 2 3 |  3.8
Hexes          | 1 3 4 6 |  6.7
Evocations     | 1 3 4 5 |  5.1
Translocations | 4 5 |  5.5

Action                   |  1- 3 |  4- 6 |  7- 9 | 10-12 | 13-15 || total
-------------------------+-------+-------+-------+-------+-------++-------
Melee: Dagger            |    90 |   224 |   403 |   695 |  1117 ||  2529
       Kick              |       |       |     2 |       |       ||     2
       Unarmed           |       |       |       |    40 |    24 ||    64
       Headbutt          |       |       |       |       |     1 ||     1
 Fire: Blowgun           |     5 |    21 |    69 |   280 |   687 ||  1062
Throw: Stone             |       |     1 |       |       |       ||     1
       Tomahawk          |       |       |       |       |    35 ||    35
 Cast: Sticks to Snakes  |       |       |     5 |    18 |    36 ||    59
       Beastly Appendage |       |       |     2 |     5 |     1 ||     8
       Ice Form          |       |       |       |     5 |     2 ||     7
       Slow              |       |       |       |     8 |     4 ||    12
Invok: Shadow Step       |       |       |       |     6 |     9 ||    15
 Abil: Evoke Flight      |       |       |       |       |     1 ||     1
Evoke: Wand              |       |       |    25 |    33 |    14 ||    72
  Use: Scroll            |       |     6 |     2 |    15 |    10 ||    33
       Potion            |       |       |       |    14 |     3 ||    17
 Stab: Sleeping          |    11 |    15 |    25 |    27 |    44 ||   122
       Distracted        |     2 |       |     1 |     3 |     2 ||     8
       Confused          |       |       |     6 |     4 |     6 ||    16
       Paralysed         |       |       |       |     2 |     9 ||    11
  Eat: Ration            |       |     1 |     2 |     7 |     8 ||    18
Armor: Robe              |    19 |    18 |    22 |    33 |    59 ||   151
       Skin              |       |       |       |     6 |     7 ||    13
Dodge: Dodged            |    68 |   166 |   203 |   439 |  1045 ||  1921
